 Dungeon Crawl Stone Soup version 0.20.1-1-g8b1a95d (webtiles) character file.

111 schauveau the Shooter (level 4, 0/38 HPs)
             Began as a Centaur Hunter on Dec 2, 2017.
             Killed by nerve-wracking pain
             ... invoked by an orc priest
              (9 damage)
             ... on level 3 of the Dungeon.
             The game lasted 00:04:19 (1158 turns).

schauveau the Shooter (Centaur Hunter)              Turns: 1158, Time: 00:04:20

Health: 0/38       AC:  7    Str: 14    XL:     4   Next: 62%
Magic:  4/4        EV:  8    Int: 10    God:
Gold:   59         SH:  0    Dex: 11    Spells: 3/3 levels left

rFire    . . .     SeeInvis .   a - +1 shortbow
rCold    . . .     Gourm    .   (shield currently unavailable)
rNeg     . . .     Faith    .   o - +0 ring mail
rPois    .         Spirit   .   r - +0 helmet
rElec    .         Reflect  .   (no cloak)
rCorr    .         Harm     .   s - +0 pair of gloves
MR       .....                  (no barding)
Stlth    ..........             (no amulet)
Regen    0.2/turn               (no ring)
MPRegen  0.1/turn               (no ring)

@: slowed
A: hooves 3, deformed body, speed 2, tough skin 3
a: no special abilities


You were on level 3 of the Dungeon.
You were not hungry.

You visited 1 branch of the dungeon, and saw 3 of its levels.

You collected 59 gold pieces.

Inventory:

Hand Weapons
 a - a +1 shortbow (weapon)
 b - a +1 short sword of electrocution
Missiles
 d - 61 arrows (quivered)
 l - 8 tomahawks
Armour
 o - a +0 ring mail (worn)
 r - a +0 helmet (worn)
 s - a +0 pair of gloves (worn)
Jewellery
 n - an uncursed ring of ice
Scrolls
 i - 2 scrolls of immolation {unknown}
 j - a scroll of amnesia {unknown}
 k - a scroll of fog {unknown}
 u - a scroll of teleportation {unknown}
 v - a scroll of identify {unknown}
Potions
 c - a potion of brilliance {unknown}
 e - 2 potions of flight {unknown}
 h - a potion of mutation {unknown}
 q - a potion of haste {unknown}
 t - a potion of curing {unknown}
 w - a potion of might {unknown}
Comestibles
 f - 2 bread rations
 g - 2 meat rations
 p - a royal jelly


   Skills:
 + Level 3.3 Fighting
 * Level 7.2 Bows
 - Level 1.3 Dodging
 - Level 0.4 Stealth


You had 3 spell levels left.
You didn't know any spells.

Dungeon Overview and Level Annotations

Branches:
Dungeon (3/15)

Altars:


Innate Abilities, Weirdness & Mutations

You have hooves in place of feet.
Armour fits poorly on your strangely shaped body.
You cover ground very quickly.
You have extremely tough skin. (AC +3)


Message History

Things that are here:
a +0 dagger of speed; a leather armour; an orc corpse
Things that are here:
a dagger; a robe
Things that are here:
a ring mail; an orc corpse An orc priest comes into view.
It is wielding a falchion of slicing.
The orc priest invokes the aid of Beogh against you.
Beogh smites you!
* * * LOW HITPOINT WARNING * * *
You hear a shout!
You see here 2 arrows.
Firing (i - inventory. (,) - cycle):
d - 62 arrows (quivered)
Press: ? - help, Shift-Dir - straight line, f - orc priest
Aim: an orc priest, wielding a falchion of slicing and wearing a ring mail You shoot an arrow.
The arrow closely misses the orc priest.
The orc priest mumbles some strange prayers to Beogh against you.
Pain shoots through your body!
You die...

.#.#######.##
.#)#######.#
o#)#.......#
#########.#.#.#######
#.........#.#.#######
#.........#.#.#.....#
#........##[#.#.###.#
#.#.....# #.#.#...#.#
#(......###@#.###.#.##
###......o((#....<...#
####################


You could see an orc priest.

Vanquished Creatures
  An orc wizard (D:3)
  An orc priest (D:3)
  An adder (D:2)
  A worm (D:2)
  2 dart slugs
  A leopard gecko (D:1)
  An orc (D:3)
  4 ball pythons (D:1)
  6 bats
  2 giant cockroaches (D:1)
  4 goblins
  A hobgoblin (D:2)
  4 kobolds
  2 frilled lizards
  5 rats
36 creatures vanquished.

Notes
Turn   | Place    | Note
-------+----------+-------------------------------------------
     0 | D:1      | schauveau the Centaur Hunter began the quest for the Orb.
     0 | D:1      | Reached XP level 1. HP: 17/17 MP: 1/1
    98 | D:1      | Reached XP level 2. HP: 19/24 MP: 2/2
   468 | D:1      | Reached skill level 6 in Bows
   641 | D:2      | Reached XP level 3. HP: 30/30 MP: 3/3
  1102 | D:3      | Reached XP level 4. HP: 13/38 MP: 4/4
  1139 | D:3      | Reached skill level 7 in Bows
  1158 | D:3      | Killed from afar by an orc priest

Skill      XL: |  1  2  3  4 |
---------------+-------------+-----
Bows           | 6 7 |  7.2
Fighting       | 3 |  3.3
Dodging        | |  1.3
Stealth        | |  0.4

Action                   |  1- 3 |  4- 6 || total
-------------------------+-------+-------++-------
Melee: Short sword       |    82 |     2 ||    84
       Kick              |    24 |       ||    24
       Dagger            |    14 |       ||    14
 Fire: Shortbow          |     9 |    11 ||    20
Armor: Leather armour    |    30 |       ||    30
       Ring mail         |    19 |     1 ||    20
Dodge: Dodged            |    37 |     1 ||    38
